 Dungeon Crawl Stone Soup version 0.16-a0-1167-g3157814 (webtiles) character file.

480 Kashira the Chopper (level 7, -2/37 HPs)
             Began as a Vine Stalker Berserker on Oct 9, 2014.
             Was an Elder of Trog.
             Slain by a gnoll
             ... wielding a +0 halberd
              (10 damage)
             ... on level 3 of the Dungeon.
             The game lasted 00:11:03 (2533 turns).

Kashira the Chopper (Vine Stalker Berserker)        Turns: 2533, Time: 00:11:03

Health: -2/37      AC:  5    Str: 21    XL:     7   Next: 12%
Magic:  0/9        EV: 10    Int:  7    God:    Trog [****..]
Gold:   242        SH:  0    Dex: 14    Spells: 0 memorised, 6 levels left

rFire  . . .     SeeInvis +     a - +0 hand axe
rCold  . . .     Clarity  .     i - +0 ring mail
rNeg   . . .     SustAb   .     (no shield)
rPois  +         Gourm    .     (no helmet)
rElec  .         Spirit   +     (no cloak)
rCorr  .         Warding  .     (no gloves)
rMut   .         Stasis   .     (no boots)
MR     .....                    (no amulet)
Stlth  +.........               j - ring of poison resistance
                                e - ring of see invisible

@: exhausted, slowed, very slow, not resistant to hostile enchantments, very
unstealthy
A: fangs 2, regeneration 2, magic shield, antimagic bite, no device heal 3, rot
immunity
a: Burn Spellbooks, Berserk, Trog's Hand, Brothers in Arms, Renounce Religion


You were on level 3 of the Dungeon.
You worshipped Trog.
Trog was greatly pleased with you.
You were hungry.

You visited 1 branch of the dungeon, and saw 3 of its levels.

You collected 242 gold pieces.

Inventory:

Hand weapons
 a - a +0 hand axe (weapon)
Armour
 b - a +0 animal skin
 i - a +0 ring mail (worn)
Comestibles
 c - 2 bread rations
 k - 6 fruits
Scrolls
 d - 4 scrolls of recharging {unknown}
 f - 5 scrolls of remove curse {unknown}
 g - a scroll of identify {unknown}
 m - a scroll of immolation {unknown}
 p - a scroll of random uselessness {unknown}
 q - a scroll of amnesia {unknown}
 r - a scroll of magic mapping {unknown}
Jewellery
 e - a ring of see invisible (left hand)
 h - an uncursed ring of wizardry
 j - a ring of poison resistance (right hand)
Potions
 l - 2 potions of lignification {unknown}
 n - a potion of resistance {unknown}
 o - a potion of curing {unknown}


   Skills:
 + Level 3.9 Fighting
 * Level 4.8 Axes
 + Level 3.3 Armour
 + Level 2.9 Dodging


You had 6 spell levels left.
You didn't know any spells.

Dungeon Overview and Level Annotations

Branches:
Dungeon (3/15)

Altars:
Elyvilon
Okawaru


Innate Abilities, Weirdness & Mutations

You have extremely sharp teeth.
You heal very quickly.
When hurt, damage is shared between your health and your magic reserves.
Your bite disrupts and absorbs the magic of your enemies.
Potions and wands cannot restore your health.
You are immune to rotting.


Message History

The gnoll is heavily wounded.
The gnoll closely misses you. The gnoll barely misses you.
You see here a flail.
The gnoll closely misses you. The gnoll misses you.
The gnoll hits you but does no damage.
There is an open door here.
Use which ability? (? or * to list)
You fail to use your ability.
The gnoll hits you with a flail.
Use which ability? (? or * to list)
Okay, then.
Use which ability? (? or * to list)
Your two-headed ogre goes berserk!
You feel somewhat more hungry. The gnoll hits you with a flail.
The gnoll hits you with a halberd!
* * * LOW HITPOINT WARNING * * *
Your two-headed ogre rages.
The gnoll misses you.
The gnoll hits you from afar with a halberd!
You die...

#.###..P.......................
##.#.#≈≈≈≈≈≈≈≈≈≈≈≈≈≈≈≈≈≈≈..).≈≈
##.##≈≈≈≈≈≈≈≈≈≈≈≈≈≈≈≈≈≈≈....≈≈
#.##≈≈#####≈≈≈≈≈≈≈≈≈≈≈≈....≈≈
#..#≈≈#...#..................
##.#≈≈#...#############'))'##
#.#≈≈###'#...........#...)#.
#.#≈≈≈.#gggO)....)...'....'.
#.#≈≈≈.#.#.@.........#....#.
###.#≈≈≈.#g###################
#....≈≈≈.#g.)...# .
#.#.#≈≈≈.#..)g..#


.gg #.#..≈≈≈.#.###)## ..g #.#.#≈≈≈.#.#..g.# g. #.##.≈≈≈.#.#...w###'######
#....≈≈###'#....)w.......# #####≈≈#...################### You could see 3 gnolls
and a friendly two-headed ogre (berserk).

Vanquished Creatures
  A scorpion (D:3)
  2 gnoll shamans (D:3)
  Natasha (D:3)
  Terence (D:2)
  22 gnolls (D:3)
  4 adders
  A worm (D:2)
  2 orcs (D:3)
  5 hobgoblins
  19 jackals
  A quokka (D:2)
  3 ball pythons
  5 bats
  A giant cockroach (D:2)
  4 giant geckos
  4 giant newts
  8 goblins
  10 kobolds
  5 rats
99 creatures vanquished.

Notes
Turn   | Place    | Note
--------------------------------------------------------------
     0 | D:1      | Kashira, the Vine Stalker Berserker, began the quest for the Orb.
     0 | D:1      | Reached XP level 1. HP: 11/11 MP: 1/1
   136 | D:1      | Reached skill level 3 in Axes
   146 | D:1      | Reached XP level 2. HP: 14/16 MP: 3/3
   341 | D:1      | Acquired Trog's second power
   702 | D:2      | Reached XP level 3. HP: 19/19 MP: 4/4
   904 | D:2      | Found a white marble altar of Elyvilon.
   995 | D:2      | Noticed Terence
  1003 | D:2      | Killed Terence
  1003 | D:2      | Reached XP level 4. HP: 24/24 MP: 5/5
  1717 | D:3      | Noticed Natasha
  1727 | D:3      | Killed Natasha
  1727 | D:3      | Reached skill level 4 in Axes
  1727 | D:3      | Reached XP level 5. HP: 16/28 MP: 5/7
  1940 | D:3      | Gained mutation: You heal very quickly. [vine stalker growth]
  1940 | D:3      | Reached XP level 6. HP: 20/32 MP: 5/8
  1945 | D:3      | Found an iron altar of Okawaru.
  2068 | D:3      | Acquired Trog's third power
  2459 | D:3      | Reached XP level 7. HP: 16/37 MP: 6/9
  2533 | D:3      | Slain by a gnoll

Action                   |  1- 3 |  4- 6 |  7- 9 || total
-------------------------+-------+-------+-------++-------
Melee: Hand axe          |    98 |   206 |    14 ||   318
Invok: Berserk           |     1 |     2 |     1 ||     4
       Trog's Hand       |       |       |     1 ||     1
       Brothers in Arms  |       |       |     1 ||     1
  Eat: Chunk             |       |     8 |     1 ||     9
